 Dungeon Crawl Stone Soup version 0.18.1-48-g4cf74bf (webtiles) character file.

57493 nikopol the Severer (level 14, -5/127 HPs)
             Began as a Minotaur Berserker on Sept 4, 2016.
             Was the Champion of Trog.
             Shot with an arrow by Nessos (17 damage)
             ... on level 8 of the Lair of Beasts.
             The game lasted 00:56:25 (17967 turns).

nikopol the Severer (Minotaur Berserker)           Turns: 17967, Time: 00:56:26

Health: -5/127     AC: 16    Str: 27    XL:     14   Next: 45%
Magic:  13/13      EV: 17    Int:  6    God:    Trog [******]
Gold:   1079       SH:  0    Dex: 14    Spells: 0 memorised, 13 levels left

rFire  + . .     SeeInvis .     z - +9 longbow (flame)
rCold  . . .     Gourm    .     C - +7 ring mail of the Komodo Dragon {rElec MR+ rCorr Str+4}
rNeg   . . .     Faith    .     (shield currently unavailable)
rPois  .         Spirit   .     (helmet restricted)
rElec  +         Dismiss  +     w - +0 cloak
rCorr  +         Reflect  .     (no gloves)
SustAt .         Harm     .     (no boots)
MR     +++..                    r - amulet of dismissal
Stlth  +.........               M - ring of protection from fire
                                l - ring of protection from magic

@: lethally poisoned (-5 -> -21), about to teleport, extremely resistant to
hostile enchantments, very unstealthy
A: retaliatory headbutt, horns 2, clever 1
a: Berserk, Trog's Hand, Brothers in Arms, Burn Spellbooks, Renounce Religion


You were on level 8 of the Lair of Beasts.
You worshipped Trog.
Trog was exalted by your worship.
You were not hungry.

You visited 2 branches of the dungeon, and saw 16 of its levels.
You also visited: Sewer, Ossuary and Bailey.

You collected 1079 gold pieces.

Inventory:

Hand Weapons
 a - a +0 war axe
 b - a +3 antimagic executioner's axe
 z - a +9 longbow of flaming (weapon)
Missiles
 s - 185 arrows (quivered)
Armour
 w - a +0 cloak (worn)
 C - the +7 ring mail of the Komodo Dragon (worn) {rElec MR+ rCorr Str+4}
   (You found it on level 4 of the Dungeon)

   It affects your strength (+4).
   It insulates you from electricity.
   It affects your resistance to hostile enchantments.
   It protects you from acid and corrosion.
Jewellery
 l - a ring of protection from magic (left hand)
 r - an amulet of dismissal (around neck)
 M - a ring of protection from fire (right hand)
 N - an uncursed amulet of magic regeneration
 V - an uncursed ring of see invisible
Wands
 x - a wand of digging (11/24)
 O - a wand of teleportation (2/9)
 X - a wand of acid (10/15)
Scrolls
 d - 4 scrolls of enchant armour
 e - 7 scrolls of enchant weapon
 h - a scroll of brand weapon {unknown}
 j - 7 scrolls of teleportation
 t - 3 scrolls of magic mapping
 u - a scroll of identify
 y - 2 scrolls of summoning {unknown}
 A - 12 scrolls of remove curse
 B - 3 scrolls of fear
 F - 6 scrolls of recharging {unknown}
 H - 6 scrolls of fog {unknown}
 J - 2 scrolls of blinking {unknown}
Potions
 f - a potion of berserk rage
 i - 3 potions of brilliance
 k - 10 potions of curing
 n - 2 potions of invisibility
 q - 2 potions of flight
 v - 3 potions of magic
 D - 2 potions of resistance
 G - a potion of haste
 I - 7 potions of might
 K - 12 potions of heal wounds
 R - a potion of cancellation
Books
 L - the Grimoire of the Cloudy Compass
   (You found it on level 8 of the Lair of Beasts)

   Spells                             Type                      Level
   a - Apportation                    Translocation                1
   b - Repel Missiles                 Charms/Air                   2
   c - Mephitic Cloud                 Conjuration/Poison/Air       3
   d - Warp Weapon                    Charms/Translocation         5
   e - Freezing Cloud                 Conjuration/Ice/Air          6
   Trog disapproves of the use of such an item.
Comestibles
 c - 13 bread rations
 g - 14 slices of pizza
 m - 6 chunks of flesh
 o - 5 beef jerkies
 p - 16 meat rations
 E - 20 fruits


   Skills:
 + Level 12.4 Fighting
 * Level 15.3 Axes
 * Level 12.7 Bows
 + Level 12.0 Armour
 + Level 10.6 Dodging


You had 13 spell levels left.
You didn't know any spells.

Dungeon Overview and Level Annotations

Branches:
Dungeon (8/15)             Temple (0/1) D:4            Lair (8/8) D:8
  Swamp (0/4) Lair:6        Snake (0/4) Lair:3        Slime (0/6) Lair:7

Altars:
Cheibriados
Elyvilon
Kikubaaqudgha
Makhleb
Pakellas
Qazlal
Ru
Yredelemnul
Zin
The Shining One
Jiyva

Shops:
D:4 *

Annotations:
Lair:8 Nessos


Innate Abilities, Weirdness & Mutations

You reflexively headbutt those who attack you in melee.
You have a pair of horns on your head.
Your mind is acute. (Int +2)


Message History

You feel very sick.
Drink which item? (? for menu, Esc to quit)
You feel better.
Evoke which item? (* to show all) (? for menu, Esc to quit)
Zapping:
O - a wand of teleportation (will waste charges)
Press: ? - help, Shift-Dir - straight line, f - you You feel strangely unstable.
Evoking this partially-identified wand wasted a few charges.
Nessos shoots an arrow.
The arrow hits you.
* * * LOW HITPOINT WARNING * * *
The arrow burns you.
You are poisoned.
* * * LOW HITPOINT WARNING * * *
Your deep troll goes berserk!
You feel somewhat more hungry.
You feel sick.
Nessos shoots an arrow.
The arrow hits you.
* * * LOW HITPOINT WARNING * * *
You are lethally poisoned!
Nessos shoots an arrow.
The arrow hits you!
You die...

.....♣ ♣..♣..♣ ....♣♣
♣♣..♣♣ ♣♣♣♣♣+ .#...♣
♣♣..♣♣ ♣♣.♣♣.♣♣♣ ##...♣
♣♣..♣♣ ♣♣.......♣♣♣
...♣♣♣ ♣♣♣♣
♣♣†.♣♣♣...♣♣♣....♣ ....♣
♣?..♣♣♣♣.♣.÷♣♣♣♣ ♣♣♣♣..
.P..♣ ...T.♣...♣♣♣ ♣♣.
....♣♣♣ ♣....♣♣ ♣♣
...^...♣ ♣♣@.♣♣ ....♣♣♣♣
♣♣.♣ ...♣♣♣ ♣♣c♣ .....♣
♣♣♣.♣♣ ....♣♣♣
♣♣♣..(♣♣♣♣♣ ♣
......♣♣♣♣♣♣(...(....♣.♣
.........♣♣(....(.......
...†........c(..........
........................


You could see Nessos and a friendly deep troll (berserk).

Vanquished Creatures
  An orc warlord (Bailey)
  A dire elephant (Lair:8)
  4 hydras
  A queen ant (Lair:4)
  An orc knight (Bailey)
  An oklob plant (Lair:5)
  3 griffons
  3 black mambas
  Joseph (D:7)
  A torpor snail (Lair:4)
  21 spiny frogs
  4 rime drakes
  10 komodo dragons
  2 polar bears
  4 blink frogs (Lair:5)
  A wyvern (Lair:8)
  22 yaks
  A human (D:7)
  A basilisk (Lair:2)
  10 hippogriffs
  3 nagas (Lair:3)
  14 water moccasins
  Duvessa (D:7)
  5 soldier ants (Lair:4)
  A sky beast (D:5)
  6 porcupines
  A black bear (D:8)
  An eye of draining (D:8)
  17 orc warriors
  An ice beast (D:7)
  2 necrophages
  3 centaurs
  9 wolves
  3 ogres
  14 crocodiles
  A big kobold (D:8)
  14 giant frogs
  A gnoll sergeant (D:5)
  2 scorpions
  Dowan (D:7)
  2 vampire bats (D:7)
  2 electric eels
  5 crimson imps
  2 lava snakes (Lair:5)
  A giant frog zombie (D:7)
  9 jellies
  7 orc priests
  A hound (D:7)
  8 orc wizards
  Crazy Yiuf (D:5)
  2 giant frog skeletons
  A centaur skeleton (D:5)
  5 iguanas
  5 hell rats (Lair:6)
  16 worker ants (Lair:4)
  19 sheep
  A big kobold zombie (Ossuary)
  A mummy (Ossuary)
  A howler monkey zombie (D:8)
  A worker ant zombie (D:7)
  13 gnolls
  14 adders
  49 river rats
  3 shadow imps
  An adder zombie (D:7)
  20 oozes
  2 worms
  3 dart slugs (D:2)
  4 giant geckos
  56 orcs
  3 spectral bats (Ossuary)
  17 ball pythons
  2 bat skeletons (D:7)
  3 bat zombies (D:7)
  4 giant cockroaches
  11 gnoll zombies (Ossuary)
  22 goblins
  22 hobgoblins
  10 jackals
  12 kobolds
  A quokka (D:8)
  6 bats
  9 giant newts
  2 goblin simulacra (Ossuary)
  4 goblin zombies (Ossuary)
  6 hobgoblin zombies (Ossuary)
  3 kobold simulacra (Ossuary)
  6 kobold zombies (Ossuary)
  2 orc zombies (Ossuary)
  39 rats
  3 rat simulacra (Ossuary)
  3 spectral goblins (Ossuary)
  3 spectral kobolds (Ossuary)
  2 spectral rats (Ossuary)
  3 fungi
  3 plants
649 creatures vanquished.

Vanquished Creatures (collateral kills)
  A hydra (Lair:1)
1 creature vanquished.

Vanquished Creatures (others)
  9 fungi
9 creatures vanquished.

Grand Total: 659 creatures vanquished

Notes
Turn   | Place    | Note
--------------------------------------------------------------
     0 | D:1      | nikopol the Minotaur Berserker began the quest for the Orb.
     0 | D:1      | Reached XP level 1. HP: 19/19 MP: 0/0
    82 | D:1      | Reached XP level 2. HP: 22/27 MP: 1/1
   371 | D:1      | Reached skill level 4 in Axes
   484 | D:1      | Reached XP level 3. HP: 33/33 MP: 2/2
   488 | D:1      | Reached ** piety under Trog
   662 | D:2      | Found a faded altar to an unknown god.
   801 | D:2      | Reached XP level 4. HP: 28/40 MP: 3/3
  1491 | D:3      | Reached *** piety under Trog
  1491 | D:3      | Reached XP level 5. HP: 46/47 MP: 4/4
  2277 | D:4      | Found a snail-covered altar of Cheibriados.
  2332 | D:4      | Found a staircase to the Ecumenical Temple.
  2363 | D:4      | Got a pitted ring mail
  2374 | D:4      | Identified the +7 ring mail of the Komodo Dragon {rElec MR+ rCorr Str+4} (You found it on level 4 of the Dungeon)
  2379 | D:4      | Reached skill level 5 in Axes
  2381 | D:4      | Found a stormy altar of Qazlal.
  2392 | D:4      | Found a sacrificial altar of Ru.
  2394 | D:4      | Found a white marble altar of Elyvilon.
  2436 | D:4      | Found Zin's Purification Station.
  2441 | D:4      | Found a glowing silver altar of Zin.
  2492 | D:4      | Found a basalt altar of Yredelemnul.
  2492 | D:4      | Found a glowing golden altar of the Shining One.
  2630 | D:4      | Reached skill level 5 in Fighting
  2717 | D:5      | Entered Level 5 of the Dungeon
  2742 | D:5      | Found an oddly glowing altar of Pakellas.
  2812 | D:5      | Reached XP level 6. HP: 56/56 MP: 5/5
  2966 | D:5      | Found a glowing drain.
  2976 | Sewer    | Entered a sewer
  3231 | Sewer    | Reached **** piety under Trog
  3304 | Sewer    | Reached skill level 5 in Armour
  3442 | Sewer    | Reached XP level 7. HP: 61/61 MP: 6/6
  3502 | Sewer    | Reached skill level 5 in Dodging
  3732 | D:5      | Reached skill level 6 in Axes
  3753 | D:5      | Noticed Crazy Yiuf
  3764 | D:5      | Killed Crazy Yiuf
  4185 | D:5      | Reached XP level 8. HP: 71/71 MP: 7/7
  4439 | D:6      | Found a sand-covered staircase.
  4444 | Ossuary  | Entered an ossuary
  4723 | Ossuary  | Reached skill level 7 in Axes
  5482 | D:7      | Reached ***** piety under Trog
  5570 | D:7      | Reached skill level 1 in Bows
  5575 | D:7      | Reached skill level 8 in Axes
  5660 | D:7      | Reached XP level 9. HP: 51/79 MP: 8/8
  5868 | D:7      | Noticed Duvessa
  5869 | D:7      | Noticed Dowan
  5885 | D:7      | Killed Dowan
  5898 | D:7      | Killed Duvessa
  6359 | D:7      | Noticed Joseph
  6399 | D:7      | Killed Joseph
  6705 | D:7      | Found an ancient bone altar of Kikubaaqudgha.
  6753 | D:7      | Reached skill level 9 in Axes
  7212 | D:8      | Found a flagged portal.
  7222 | Bailey   | Entered a bailey
  7407 | Bailey   | Reached skill level 5 in Bows
  7643 | Bailey   | Noticed an orc knight
  7654 | Bailey   | Killed an orc knight
  7654 | Bailey   | Reached XP level 10. HP: 90/90 MP: 9/9
  7657 | Bailey   | Received a gift from Trog
  7773 | Bailey   | Reached skill level 10 in Axes
  7900 | Bailey   | Noticed an orc warlord
  7919 | Bailey   | Killed an orc warlord
  8278 | Bailey   | Got a shimmering leather armour
  8600 | D:8      | Received a gift from Trog
  8694 | D:8      | Identified the cursed +1 leather armour of the Ward {rF+} (You found it in a bailey)
  8856 | D:8      | Reached skill level 11 in Axes
  8884 | D:8      | Found a staircase to the Lair.
  8958 | D:8      | Found a burning altar of Makhleb.
  9286 | D:8      | Received a gift from Trog
  9432 | Lair:1   | Entered Level 1 of the Lair of Beasts
  9947 | Lair:1   | Noticed a spiny frog
  9962 | Lair:1   | Killed a spiny frog
  9962 | Lair:1   | Reached XP level 11. HP: 53/96 MP: 10/10
 10711 | Lair:1   | Noticed a seven-headed hydra
 10741 | Lair:1   | Killed a seven-headed hydra
 11263 | Lair:2   | Reached skill level 10 in Fighting
 11359 | Lair:2   | Received a gift from Trog
 11581 | Lair:2   | Reached skill level 12 in Axes
 11712 | Lair:2   | Noticed a griffon
 11722 | Lair:2   | Killed a griffon
 12053 | Lair:3   | Found a staircase to the Snake Pit.
 12162 | Lair:3   | Reached skill level 10 in Armour
 12428 | Lair:3   | Noticed a seven-headed hydra
 12435 | Lair:3   | Killed a seven-headed hydra
 12435 | Lair:3   | Reached XP level 12. HP: 70/106 MP: 11/11
 13382 | Lair:4   | Reached skill level 13 in Axes
 13464 | Lair:4   | Received a gift from Trog
 13476 | Lair:4   | Reached skill level 10 in Bows
 13479 | Lair:4   | Noticed a queen ant
 13512 | Lair:4   | Killed a queen ant
 13719 | Lair:4   | Received a gift from Trog
 14345 | Lair:5   | Reached ****** piety under Trog
 14351 | Lair:5   | Received a gift from Trog
 14426 | Lair:5   | Noticed a seven-headed hydra
 14431 | Lair:5   | Killed a seven-headed hydra
 14607 | Lair:5   | Reached skill level 10 in Dodging
 15030 | Lair:5   | Noticed a five-headed hydra
 15075 | Lair:5   | Killed a five-headed hydra
 15075 | Lair:5   | Reached skill level 14 in Axes
 15251 | Lair:6   | Found a staircase to the Swamp.
 15271 | Lair:6   | Got an ancient scale mail
 15743 | Lair:6   | Reached XP level 13. HP: 105/115 MP: 12/12
 15744 | Lair:6   | Received a gift from Trog
 16856 | Lair:7   | Found a runed door.
 16857 | Lair:7   | Found a viscous altar of Jiyva.
 17078 | Lair:7   | Identified the +6 scale mail of Tartarus {+Blink rCorr Dex-4} (You found it on level 6 of the Lair of Beasts)
 17121 | Lair:7   | Gained mutation: Your mind is acute. (Int +2) [potion of beneficial mutation]
 17124 | Lair:7   | Reached XP level 14. HP: 125/125 MP: 13/13
 17169 | Lair:7   | Reached skill level 15 in Axes
 17316 | Lair:7   | Found a staircase to the Slime Pits.
 17366 | Lair:8   | Entered Level 8 of the Lair of Beasts
 17565 | Lair:8   | Identified the Grimoire of the Cloudy Compass
 17959 | Lair:8   | Noticed Nessos
 17967 | Lair:8   | Shot with an arrow by Nessos

Skill      XL: |  1  2  3  4  5  6  7  8  9 10 11 12 13 14 |
---------------+-------------------------------------------+-----
Armour         | 3 4 5 6 7 9 10 11 12 | 12.0
Axes           | 4 5 6 8 9 11 12 14 15 | 15.3
Fighting       | 4 5 6 7 8 9 10 11 12 | 12.4
Dodging        | 3 4 5 6 7 8 9 10 | 10.6
Bows           | 2 5 7 9 11 12 | 12.7

Action                   |  1- 3 |  4- 6 |  7- 9 | 10-12 | 13-15 || total
-------------------------+-------+-------+-------+-------+-------++-------
Melee: Hand axe          |    75 |   174 |   339 |       |       ||   588
       Headbutt          |     9 |    31 |    94 |    83 |    21 ||   238
       War axe           |       |       |    41 |   295 |    38 ||   374
 Fire: Shortbow          |       |       |    68 |   177 |       ||   245
       Longbow           |       |       |       |   279 |   194 ||   473
Invok: Berserk           |       |     1 |     6 |     4 |       ||    11
       Burn Spellbooks   |       |       |     2 |     2 |       ||     4
       Trog's Hand       |       |       |     1 |       |       ||     1
       Brothers in Arms  |       |       |       |     1 |     1 ||     2
Evoke: Wand              |       |       |       |       |     1 ||     1
  Use: Scroll            |       |    10 |     7 |     8 |    10 ||    35
       Potion            |       |       |       |       |     3 ||     3
  Eat: Chunk             |       |     9 |    18 |    25 |     8 ||    60
       Pizza             |       |       |     1 |       |       ||     1
       Beef jerky        |       |       |       |     3 |       ||     3
Armor: Animal skin       |    21 |       |       |       |       ||    21
       Ring mail         |       |    68 |   139 |   100 |    12 ||   319
Dodge: Dodged            |    50 |   129 |   228 |   243 |    35 ||   685
